AoeStats
← orthodox

Arabia

503643202Analyzed
3v3 RM · 1mo ago on Sep 1, 2026· 37m 26s· 6 players
Game mode
Random Map
Map size
Normal (6 player)
Population
200
Speed
Normal
Resources
Standard
Victory
Conquest
Starting age
Dark Age
Ending age
Imperial Age
RankedLock teamsTeams togetherTeam positionsShared explorationLock speedFull tech treeHidden civsTurbo modeCheats
Victory
Defeat
🇩🇪 Magyars · Germany
847
+18
🇩🇪 Persians · Germany
842
+19
🇩🇪 Celts · Germany
841
+19
🇮🇳 Mongols · India
1044
-86
🇮🇳 Spanish · India
836
-35
🇮🇳 Persians · India
814
-34
blablaxx
4:56 Loom
9:13 Feudal Age
10:11 Double-Bit Axe
15:21 Horse Collar
18:07 Bloodlines
18:09 Forging
18:57 Scale Barding Armor
24:30 Castle Age
25:23 Husbandry
24:44 Light Cavalry
25:57 Chain Barding Armor
26:13 Iron Casting
Smoothi
11:58 Feudal Age
13:34 Double-Bit Axe
13:32 Horse Collar
19:35 Castle Age
18:25 Scale Mail Armor
22:22 Bow Saw
22:15 Heavy Plow
22:46 Stone Mining
24:37 Pikeman
25:32 Gold Mining
34:39 Imperial Age
32:48 Wheelbarrow
31:59 Loom
31:59 Town Watch
32:34 Chain Mail Armor
32:30 Forging
33:54 Hand Cart
33:48 Scale Barding Armor
34:24 Fletching
34:47 Capped Ram
35:41 Furor Celtica
35:54 Siege Engineers
35:35 Arrowslits
36:45 Cavalier
37:26 Husbandry
Majormarvin
11:40 Feudal Age
12:18 Horse Collar
12:32 Double-Bit Axe
15:13 Bloodlines
15:19 Scale Barding Armor
20:12 Wheelbarrow
27:21 Castle Age
25:15 Gold Mining
30:01 Light Cavalry
30:41 Husbandry
32:10 Chain Barding Armor
32:05 Bow Saw
31:57 Heavy Plow
32:15 Corvinian Army
33:24 Hand Cart
Samarth22771869
9:18 Feudal Age
10:18 Double-Bit Axe
15:41 Forging
24:44 Castle Age
23:11 Gold Mining
25:48 Scale Barding Armor
29:17 Pikeman
Sharp7651
7:17 Loom
9:39 Feudal Age
10:08 Double-Bit Axe
10:05 Horse Collar
14:29 Forging
17:33 Bloodlines
18:26 Bloodlines
21:04 Wheelbarrow
24:01 Castle Age
22:19 Stone Mining
22:20 Gold Mining
28:03 Stone Shaft Mining
32:08 Pikeman
orthodox
9:23 Feudal Age
13:07 Loom
24:13 Scale Barding Armor
28:17 Castle Age
26:55 Fletching
27:06 Padded Archer Armor
28:20 Crossbowman
30:09 Chain Barding Armor
30:06 Leather Archer Armor
Connection lost

Rejoining the realm…

Still unreachable

The connection could not be restored.

Session expired

The server has moved on; the page needs a fresh start.